Match 39211733
Unlisted

Match 39211733
End
Panzergrenadier Squad
Panzergrenadier Squad
Selects Italian Infantry
Construct Light Support Kompanie
250 Light Carrier
250 Light Carrier
Panzergrenadier Squad
Combat Half-tracks
Construct Mechanized Kompanie
Selects Guastatori Squad
Support Armor Elements
StuG III D Assault Gun
Pak 38 Anti-tank Gun Team
Construct Panzerarmee Kommand
Selects Registered Artillery
Selects Towed Cannone da 105/28 Field Howitzer
Marder III Tank Destroyer
2.5-tonne Medical Truck
Armored Reserves
Selects Defensive Operations
Selects Territory Booby Traps
Registered Artillery
Flak 36 Anti-tank Gun Team
Walking Stuka Rocket Launcher
Selects Obice 305mm Barrage
BaLaRaKo
Gaunter O'Dimm
matjouz
Sarmynation
0
0

Comments sign in to comment!

No comments posted yet!